 Dungeon Crawl Stone Soup version 0.31-a0-1576-ga3383bade6 (webtiles) character file.

Game seed: 9685901714365359785

352460 PeterMcNeter the Acrobat (level 21, -14/125 HPs)
             Began as a Spriggan Hunter on Feb 3, 2023.
             Was the Champion of Okawaru.
             Killed from afar by a deep elf high priest (39 damage)
             ... with damnation
             ... on level 5 of the Vaults on Jan 4, 2024.
             The game lasted 01:36:51 (45050 turns).

PeterMcNeter the Acrobat (Spriggan Hunter)         Turns: 45050, Time: 01:36:51

Health: -14/125    AC:  7    Str:  7    XL:     21   Next: 31%
Magic:  25/31      EV: 49    Int: 13    God:    Okawaru [******]
Gold:   3826       SH:  5    Dex: 27    Spells: 24/28 levels left

rFire   + . .        a - +6 arbalest "Damnation" {damnation}
rCold   + + .        (shield currently unavailable)
rNeg    . . .        T - +1 robe "Yfeych" {+Blink rElec Dex-3 Slay+6}
rPois   +            E - +1 hat of Midwinter {Fly Will+}
rElec   +            s - +2 cloak
rCorr   +            (gloves unavailable)
SInv    +            (boots unavailable)
Will    +++++        h - amulet of Pyromania {Reflect rPois rCorr SH+5}
Stlth   +++++        W - +4 ring of slaying
HPRegen 0.40/turn    Z - ring of Funonume {rF+ rC++ Will+ Int+3}
MPRegen 0.22/turn

%: reflection
@: finesse-ful, fugue, flying, studying Staves, very quick
A: very small, no large weapons, unfitting armour, see invisible, speed 3
}: 2/15 runes: decaying, gossamer
a: Renounce Religion, Evoke Blink, Heroism, Finesse, Duel, Receive Armour


You were on level 5 of the Vaults.
You worshipped Okawaru.
Okawaru was exalted by your worship.
You visited 8 branches of the dungeon, and saw 39 of its levels.
You visited 1 bazaar.
You also visited: Sewer, Bailey and Gauntlet.

You collected 4712 gold pieces.
You spent 886 gold pieces at shops.

Inventory:

Hand Weapons
 a - the +6 arbalest "Damnation" (weapon) {damnation}
   (Okawaru gifted it to you on level 1 of the Vaults)
 b - a +6 double sword of electrocution
Missiles
 F - 3 throwing nets
Armour
 s - a +2 cloak (worn)
 E - the +1 hat of Midwinter (worn) {Fly Will+}
   (Okawaru gifted it to you on level 14 of the Dungeon)

   Will+:     It increases your willpower.
   Fly:       It grants you flight.
 T - the +1 robe "Yfeych" (worn) {+Blink rElec Dex-3 Slay+6}
   (Okawaru gifted it to you on level 4 of the Swamp)

   Dex-3:     It affects your dexterity (-3).
   Slay+6:    It affects your accuracy & damage with ranged weapons and melee
   (+6).
   rElec:     It insulates you from electricity.
   +Blink:    It lets you blink.
Jewellery
 h - the amulet of Pyromania (around neck) {Reflect rPois rCorr SH+5}
   (You took it off a deep elf sorcerer on level 3 of the Elven Halls)

   [amulet of reflection]

   Reflect:   It reflects blocked missile attacks.
   rPois:     It protects you from poison rCorr: It protects you from acid and
   corrosion.
   SH+5:      It affects your SH (+5).
 t - an amulet of guardian spirit
 A - a +5 ring of evasion
 G - a ring of protection from cold
 M - a ring of flight
 O - the ring of Edapt {rCorr AC+4}
   (You found it on level 1 of the Swamp)

   [ring of protection]

   AC+4:      It affects your AC (+4).
   rCorr:     It protects you from acid and corrosion.
 W - a +4 ring of slaying (left hand)
 Z - the ring of Funonume (right hand) {rF+ rC++ Will+ Int+3}
   (You found it on level 3 of the Elven Halls)

   [ring of willpower]

   Int+3:     It affects your intelligence (+3).
   rF+:       It protects you from fire.
   rC++:      It greatly protects you from cold.
   Will+:     It increases your willpower.
Wands
 r - a wand of roots (82)
 u - a wand of charming (39)
 Q - a wand of quicksilver (14)
 R - a wand of flame (27)
 S - a wand of digging (29)
 V - a wand of mindburst (20)
Scrolls
 c - 6 scrolls of fear
 e - 13 scrolls of teleportation
 f - 6 scrolls of noise
 n - 6 scrolls of summoning
 x - 3 scrolls of poison
 y - 7 scrolls of blinking
 B - 5 scrolls of fog
 D - 4 scrolls of revelation
 H - 8 scrolls of enchant armour
 I - 6 scrolls of immolation
 J - 7 scrolls of vulnerability
Potions
 d - 10 potions of curing
 g - 6 potions of haste
 i - 5 potions of might
 j - 4 potions of cancellation
 k - 4 potions of invisibility
 l - 3 potions of attraction
 m - 3 potions of resistance
 o - 11 potions of brilliance
 p - 6 potions of enlightenment
 q - 6 potions of mutation
 v - 8 potions of lignification
 w - a potion of magic
 z - 12 potions of heal wounds
 N - 27 potions of ambrosia
 P - 3 potions of berserk rage
Miscellaneous
 C - a lightning rod (4/4)
 K - a lightning rod (4/4)
 U - a tin of tremorstones (2/2)
 X - a condenser vane
 Y - a phial of floods


   Skills:
 + Level 18.8 Fighting
 + Level 11.9 Long Blades
 + Level 22.0 Ranged Weapons
 + Level 25.0 Dodging
 - Level 8.0 Stealth
 - Level 4.0 Spellcasting
 + Level 9.5 Necromancy
 - Level 8.0 Translocations
 - Level 12.0 Invocations
 - Level 12.0 Evocations


You had 24 spell levels left.
You knew the following spells:

 Your Spells              Type           Power      Damage    Failure   Level
a - Fugue of the Fallen   Necr           27%        N/A       1%          3
g - Apportation           Tloc           46%        N/A       1%          1

Your spell library contained the following spells:

 Spells                   Type           Power      Damage    Failure   Level
 Lesser Beckoning         Tloc           46%        N/A       1%          2
 Sublimation of Blood     Necr           27%        N/A       1%          2
 Gell's Gravitas          Tloc           23%        N/A       2%          3
 Teleport Other           Tloc           23%        N/A       2%          3
 Dispel Undead            Necr           27%        3d13      4%          4
 Cigotuvi's Dreadful Rot  Necr/Alch/Air  20%        N/A       9%          2
 Curse of Agony           Necr           27%        N/A       12%         5
 Freeze                   Ice            8%         1d3       21%         1
 Sandblast                Erth           4%         2d4       21%         1
 Anguish                  Hex/Necr       7%         N/A       28%         4
 Scorch                   Fire           4%         2d5       30%         2
 Static Discharge         Conj/Air       4%         3-4/arc   30%         2
 Vhi's Electric Charge    Tloc/Air       26%        N/A       36%         4
 Dazzling Flash           Conj/Hex       4%         N/A       52%         3
 Frozen Ramparts          Ice            4%         1d1       52%         3
 Hailstorm                Conj/Ice       2%         3d5       52%         3
 Inner Flame              Hex/Fire       2%         N/A       52%         3
 Passwall                 Erth           2%         N/A       52%         3
 Stone Arrow              Conj/Erth      4%         3d7       52%         3
 Cause Fear               Hex            1%         N/A       90%         4
 Flame Wave               Conj/Fire      2%         2d4       90%         4
 Ignite Poison            Fire/Alch      2%         N/A       90%         4
 Leda's Liquefaction      Alch/Erth      1%         N/A       90%         4
 Olgreb's Toxic Radiance  Alch           2%         N/A       90%         4
 Sticky Flame             Fire/Alch      2%         2d4       90%         4
 Alistair's Intoxication  Alch           1%         N/A       99%         5
 Arcjolt                  Conj/Air       1%         1d11      99%         5
 Fireball                 Conj/Fire      1%         3d3       99%         5
 Freezing Cloud           Conj/Ice/Air   1%         6-21      99%         5
 Iskenderun's Battlesphe  Conj           2%         2d6       99%         5
 Lee's Rapid Deconstruct  Erth           1%         3d4*      99%         5
 Lightning Bolt           Conj/Air       1%         1d12      99%         5
 Silence                  Hex/Air        1%         N/A       99%         5
 Conjure Ball Lightning   Conj/Air       1%         3x3d6     100%        6
 Plasma Beam              Fire/Air       1%         2x1d11    100%        6
 Enfeeble                 Hex            1%         N/A       100%        7
 Orb of Destruction       Conj           1%         9d5       100%        7
 Ozocubu's Refrigeration  Ice            1%         4d7       100%        7
 Discord                  Hex            1%         N/A       100%        8
 Maxwell's Capacitive Co  Air            1%         ∞         100%        8
 Chain Lightning          Conj/Air       1%         3d1       100%        9
 Fire Storm               Conj/Fire      1%         7d1       100%        9
 Shatter                  Erth           1%         3d5*      100%        9
 Martyr's Knell           Necr/Summ      Unusable   N/A       N/A         4
 Summon Ice Beast         Ice/Summ       Unusable   N/A       N/A         3
 Death Channel            Necr           Unusable   N/A       N/A         6
 Sculpt Simulacrum        Ice/Alch       Unusable   N/A       N/A         6
 Summon Cactus Giant      Summ           Unusable   N/A       N/A         6
 Summon Hydra             Summ           Unusable   N/A       N/A         7

Dungeon Overview and Level Annotations

Branches:
Dungeon (15/15)            Temple (1/1) D:7            Lair (5/5) D:9
  Swamp (4/4) Lair:2       Spider (4/4) Lair:3        Slime (0/5) Lair:4
    Orc (2/2) D:10            Elf (3/3) Orc:2        Vaults (5/5) D:13
  Crypt (0/3) Vaults:3     Depths (0/4) D:15          Sewer (visited)
 Bailey (visited)         Gauntlet (visited)

Altars:
Ashenzari
Cheibriados
Dithmenos
Elyvilon
Fedhas
Gozag
Kikubaaqudgha
Makhleb
Nemelex Xobeh
Okawaru
Qazlal
Ru
Sif Muna
Trog
Uskayaw
Vehumet
Wu Jian
Xom
Yredelemnul
Zin
The Shining One
Jiyva

Shops:
D:10 =   D:15 *?([   Orc:1 *   Orc:2 *[(:[   Elf:1 [   Elf:3 :   Vaults:3 [
Vaults:4 *?

Annotations:
D:11 exclusion: 4 oklob plants
D:14 2 transporters, Amoel's ghost, journeyman MiBe
Lair:2 2 transporters, Maiprargh's ghost, journeyman DsIE
Vaults:2 3 runed translucent doors, Kapamifis's ghost, veteran NaAl


Innate Abilities, Weirdness & Mutations

You are very small and have problems with some larger weapons.
You are too small for most types of armour.
You have supernaturally acute eyesight. (SInv)
You cover ground extremely quickly. (Speed+++)


Message History

Unknown command.
Unknown command.
Fire: a) +6 arbalest "Damnation" {damnation}
Press: ? - help, Q - select action, (/) - cycle Shift-Dir - straight line, f - vault warden
Aim: a vault warden, wielding a +1 long sword of holy wrath and wearing a +0 plate armour (asleep, 98% to hit)
You shoot a damnation bolt.
The damnation bolt hits the vault warden!!!
The vault warden is severely wounded.
The fallen lash out in pain!
The damnation bolt explodes!
The damnation engulfs the vault warden!!
You kill the vault warden!
Okawaru accepts your kill.
The damnation engulfs the ironbound convoker!
The ironbound convoker is moderately wounded.
The ironbound convoker shouts!
The frost giant shouts!
The yaktaur captain shouts!
The ironbound preserver shouts!
The vault guard shouts!
The storm dragon roars deafeningly!
You hear a shout!
The vault guard shouts!
You hear a shout! x8
The storm dragon breathes lightning at you.
The bolt of lightning misses you.
You hear a shout! x2
Unknown command.
Fire: a) +6 arbalest "Damnation" {damnation}
Press: ? - help, Q - select action, (/) - cycle Shift-Dir - straight line, f - ironbound convoker
Aim: an ironbound convoker, wielding a +0 great mace and wearing a +0 scale mail (moderately wounded, 85% to hit)
You shoot a damnation bolt.
The damnation bolt hits the ironbound convoker!
The ironbound convoker is severely wounded.
The fallen lash out in pain!
The damnation bolt explodes!
The damnation engulfs the ironbound convoker!!
You kill the ironbound convoker!
Okawaru accepts your kill.
The damnation engulfs the vault guard!
The vault guard is moderately wounded.
A titan comes into view.
The yaktaur captain wields a +0 arbalest.
The yaktaur captain shoots a bolt.
The bolt completely misses you.
The ironbound preserver completely misses you.
Unknown command.
A yaktaur captain comes into view.
You feel like a meek peon again.
The lich casts a spell.
The lich seems to speed up.
The yaktaur captain shoots a bolt.
You block the bolt with an invisible shield... and reflect it back!
The bolt hits the yaktaur captain!!!
A deep elf zephyrmancer comes into view.
It is wielding a +0 short sword.
The yaktaur captain wields a +0 arbalest.
The yaktaur captain shoots a bolt.
The bolt completely misses you.
The deep elf zephyrmancer casts a spell at you.
The bolt of lightning misses you.
The yaktaur captain shoots a bolt.
The bolt completely misses you.
You hear a shout! x2
You see here 30 gold pieces.
A deep elf high priest comes into view. It is wielding a +0 short sword.
The wailing of tortured souls fills the air!
The yaktaur captain shoots a bolt.
The bolt closely misses you.
The storm dragon breathes lightning at you.
The bolt of lightning misses you.
You hear a shout!
You hear two shouts!
You hear an angry hiss.
You hear a shout!
You see here a condenser vane.
A stone giant and an orc come into view.
The orc shouts!
A fire giant comes into view.
It is wielding a +1 great sword of flaming.
The yaktaur captain shoots a bolt.
The bolt hits you!!
* * * LOW HITPOINT WARNING * * *
The yaktaur captain shoots a bolt.
The bolt completely misses you.
You see here a +2 dagger of speed.
Unknown command.
Fire: a) +6 arbalest "Damnation" {damnation}
Press: ? - help, Q - select action, (/) - cycle Shift-Dir - straight line, f - deep elf high priest
Aim: a deep elf high priest, wielding a +0 short sword and wearing a +0 ring mail (80% to hit)
You shoot a damnation bolt.
The damnation bolt hits the deep elf high priest!
The deep elf high priest is lightly wounded.
The damnation bolt explodes!
The damnation engulfs the deep elf high priest!
The deep elf high priest is heavily wounded.
You hear a shout! x3
Unknown command.
Unknown command.
Unknown command.
Fire: a) +6 arbalest "Damnation" {damnation}
Press: ? - help, Q - select action, (/) - cycle Shift-Dir - straight line, f/p - deep elf high priest
Aim: a deep elf high priest, wielding a +0 short sword and wearing a +0 ring mail (heavily wounded, 80% to hit)
You shoot a damnation bolt.
The damnation bolt hits the deep elf high priest.
The deep elf high priest is heavily wounded.
The damnation bolt explodes!
The damnation engulfs the deep elf high priest!
The deep elf high priest is severely wounded.
An orc wizard comes into view. It is wielding a +0 dagger.
A deep elf pyromancer comes into view. It is wielding a +0 rapier.
A deep elf sorcerer comes into view. It is wielding a +0 long sword.
The deep elf high priest mumbles some strange prayers to its god against you.
The sphere of damnation explodes!
The damnation engulfs you!!!
You die...

......pppp... #########
###...pppp.## .........
............ .........
....#....#...
##......#####..#....#..#
..........###. #....#..#
.......e...## #....#...
e...........# .#
e.o..e?@=...#..#
C.C...##}...$..# o...#
##p...c..# .##
##.p...#..# ###p.LD..#
.# ####.ppp....#
#.C$......c##
#.....)......#
C?...p.).....##


You could see an ironbound preserver, a storm dragon, a fire giant, a stone
giant, a lich (fast), 2 yaktaur captains, a deep elf sorcerer, a deep elf high
priest, an ironbound convoker, a deep elf pyromancer, a deep elf zephyrmancer,
an orc wizard and an orc.

Vanquished Creatures
  Saint Roka (Vaults:1)
  Zenata (Vaults:1)
  Mlioglotl (Swamp:2)
  Rupert (D:12)
  A quicksilver dragon (Vaults:4)
  2 deep elf master archers (Elf:3)
  4 sphinxes
  A deep elf blademaster (Elf:3)
  Kirke (Swamp:1)
  A tengu reaver (Vaults:3)
  Donald (Spider:4)
  A fire giant (Vaults:5)
  8 vault wardens
  3 war gargoyles
  4 emperor scorpions (Spider:4)
  2 ghost moths (Spider:4)
  7 deep elf sorcerers (Elf:3)
  A frost giant (D:15)
  Louise (Elf:2)
  2 orc warlords
  Aizul (Swamp:3)
  13 ironbound preservers
  A deep elf elementalist (Elf:3)
  8 ironbound thunderhulks
  A broodmother (Spider:2)
  13 very ugly things
  A stone giant (Vaults:2)
  6 eleionomae
  19 dire elephants
  3 deep elf demonologists (Elf:3)
  3 bunyips
  6 deep elf annihilators
  Azrael (Orc:2)
  A spark wasp (Spider:2)
  A crystal guardian (Vaults:3)
  Josephine (Lair:4)
  2 yaktaur captains (Vaults:3)
  2 shambling mangroves (Swamp:4)
  3 deep elf death magi (Elf:3)
  3 great orbs of eyes
  7 deep elf high priests (Elf:3)
  23 hydras
  2 entropy weavers
  A rakshasa (D:11)
  11 vault guards
  2 peacekeepers (Vaults:3)
  18 centaur warriors
  4 radroaches
  6 ironbound frosthearts
  13 boulder beetles
  2 death knights (Vaults:3)
  3 tengu warriors (D:15)
  2 two-headed ogres
  13 death yaks
  A deep troll earth mage (Vaults:4)
  2 orc high priests (Orc:2)
  6 alligators
  A death scarab (Spider:4)
  Urug (D:11)
  27 dancing weapons
  14 demonic crawlers
  19 deep elf knights
  A fire crab (shapeshifter) (D:14)
  2 shadow wraiths
  4 pharaoh ants
  A skyshark (Lair:4)
  2 sun moths
  25 deep trolls
  9 goliath frogs
  6 bog bodies
  A spriggan druid (Lair:2)
  A sea snake (shapeshifter) (Vaults:1)
  10 orb spiders
  19 swamp dragons
  12 steelbarb worms
  17 ironbound convokers
  5 harpies (Vaults:2)
  24 deep elf pyromancers
  15 deep elf archers
  Pikel (D:7)
  A harpy (shapeshifter) (D:15)
  A phantasmal warrior (Vaults:4)
  4 orc knights
  9 occultists
  28 deep elf zephyrmancers
  A will-o-the-wisp (Swamp:1)
  5 orc sorcerers
  A lindwurm (Lair:5)
  24 wolf spiders
  24 ugly things
  A manticore (D:14)
  7 elephants
  9 cyclopes
  Maurice (Orc:1)
  A black mamba (shapeshifter) (D:14)
  4 moths of wrath
  An ice statue (Swamp:1)
  4 torpor snails
  16 vault sentinels
  7 cane toads
  2 black mambas
  4 orange demons (D:11)
  A gargoyle (D:12)
  Maggie (D:9)
  An unseen horror (D:11)
  2 efreet
  A kobold demonologist (Elf:1)
  5 rime drakes
  7 komodo dragons
  21 yaktaurs
  A freezing wraith (D:11)
  2 queen bees
  A red devil (D:11)
  A polar bear (Lair:5)
  6 meliai
  8 trolls
  4 bloated husks
  A meliai (shapeshifter) (D:15)
  18 tarantellas
  A wind drake (shapeshifter) (Elf:1)
  A blink frog (shapeshifter) (Elf:3)
  A tarantella (shapeshifter) (D:15)
  18 tyrant leeches
  19 hornets
  16 blink frogs
  20 dream sheep
  46 slime creatures
  4 air elementals
  20 culicivoras
  A centaur simulacrum (D:13)
  Sigmund (D:5)
  19 jumping spiders
  16 spriggans
  4 water elementals
  5 wyverns
  A shadow (D:11)
  2 vampires
  13 wraiths
  33 yaks
  7 humans
  5 basilisks
  4 hogs (Swamp:1)
  A steam dragon (Lair:2)
  5 fire elementals
  54 redbacks
  6 vampire mosquitoes
  19 swamp worms
  10 water moccasins
  3 acid dragons
  9 wargs
  5 hell hounds
  Edmund (D:4)
  43 orc warriors
  2 sky beasts (D:6)
  9 swamp drakes
  9 black bears
  8 ogres
  21 centaurs
  16 wolves
  10 boggarts
  A phantom (D:5)
  A lemure (D:7)
  A kobold brigand (D:6)
  9 gnoll sergeants
  An earth elemental (Elf:1)
  4 necrophages
  10 bullfrogs
  4 scorpions
  3 wights (D:7)
  67 killer bees
  6 electric eels
  A howler monkey (D:10)
  25 orc priests
  8 hounds
  12 jellies (Lair:4)
  5 gnoll boudas
  Crazy Yiuf (D:3)
  9 iguanas
  30 orc wizards
  40 gnolls
  9 adders
  A river rat (D:6)
  4 shadow imps
  3 white imps
  3 ufetubi
  A ribbon worm (D:2)
  A dart slug (D:1)
  112 orcs
  8 endoplasms
  4 hobgoblins
  20 jackals
  12 kobolds
  8 quokkas
  4 ball pythons
  8 bats
  3 frilled lizards
  9 goblins
  10 rats
1648 creatures vanquished.

Vanquished Creatures (others)
  An eleionoma (Swamp:1)
  A spriggan berserker (Swamp:4)
  A bloated husk (Swamp:4)
  2 humans (D:13)
  A vampire mosquito (Swamp:3)
  An orc wizard (Orc:2)
  2 foxfires (Swamp:1)
9 creatures vanquished.

Grand Total: 1657 creatures vanquished

Notes
Turn   | Place    | Note
-------+----------+-------------------------------------------
     0 | D:1      | PeterMcNeter the Spriggan Hunter began the quest for the
                  | Orb.
     0 | D:1      | Reached XP level 1. HP: 10/10 MP: 2/2
     4 | D:1      | Noticed an elephant
     7 | D:1      | Noticed an anaconda
   147 | D:1      | Reached skill level 2 in Stealth
   218 | D:1      | Reached XP level 2. HP: 15/15 MP: 3/3
   267 | D:1      | Reached skill level 3 in Dodging
   873 | D:1      | Reached XP level 3. HP: 16/18 MP: 4/4
  1090 | D:2      | Reached skill level 2 in Fighting
  1681 | D:2      | Reached XP level 4. HP: 23/23 MP: 5/5
  1683 | D:2      | Reached skill level 3 in Stealth
  1935 | D:3      | Reached skill level 5 in Ranged Weapons
  1959 | D:3      | Found a faded altar of an unknown god.
  2016 | D:3      | Found a broken altar of Ashenzari.
  2120 | D:3      | Reached XP level 5. HP: 27/27 MP: 6/6
  2318 | D:3      | Found a runed translucent door.
  2319 | D:3      | Noticed Crazy Yiuf
  2391 | D:3      | Killed Crazy Yiuf
  2392 | D:3      | Reached skill level 4 in Dodging
  2594 | D:4      | Reached skill level 4 in Stealth
  2713 | D:4      | Reached XP level 6. HP: 18/32 MP: 7/7
  2990 | D:4      | Reached skill level 3 in Fighting
  2990 | D:4      | Reached skill level 6 in Ranged Weapons
  2990 | D:4      | Reached skill level 5 in Stealth
  3021 | D:4      | Reached skill level 5 in Dodging
  3210 | D:4      | Found a white marble altar of Elyvilon.
  3250 | D:4      | Found a burning altar of Makhleb.
  3250 | D:4      | Noticed a balrug
  3262 | D:5      | Entered Level 5 of the Dungeon
  3290 | D:4      | Reached XP level 7. HP: 27/36 MP: 8/8
  3359 | D:5      | Noticed Edmund
  3426 | D:4      | Killed Edmund
  3620 | D:5      | Reached skill level 6 in Stealth
  3745 | D:5      | Reached skill level 7 in Ranged Weapons
  3774 | D:4      | Reached skill level 6 in Dodging
  3774 | D:4      | Reached XP level 8. HP: 42/42 MP: 9/9
  3900 | D:5      | Found an opulent altar of Gozag.
  3903 | D:5      | Noticed Sigmund
  4015 | D:5      | Reached skill level 7 in Stealth
  4017 | D:5      | Reached skill level 4 in Fighting
  4128 | D:5      | Killed Sigmund
  4237 | D:5      | Found a glowing golden altar of the Shining One.
  4401 | D:5      | Reached skill level 8 in Ranged Weapons
  4636 | D:6      | Reached skill level 1 in Evocations
  4752 | D:6      | Reached skill level 7 in Dodging
  4838 | D:6      | Reached skill level 2 in Evocations
  4944 | D:6      | Reached skill level 8 in Stealth
  5026 | D:6      | Reached XP level 9. HP: 25/46 MP: 10/10
  5049 | D:6      | Found a glowing drain.
  5081 | Sewer    | Entered a sewer
  5441 | D:6      | Reached skill level 3 in Evocations
  5701 | D:6      | Found a bloodstained altar of Trog.
  5701 | D:6      | Found a sparkling altar of Nemelex Xobeh.
  5817 | D:6      | Reached skill level 9 in Ranged Weapons
  5931 | D:6      | Reached skill level 5 in Fighting
  5971 | D:6      | HP: 9/47 [orc priest/nerve-wracking pain (10)]
  5975 | D:6      | Reached skill level 8 in Dodging
  5975 | D:6      | Reached skill level 4 in Evocations
  6343 | D:7      | Found a flagged portal.
  6358 | Bailey   | Entered a bailey
  6713 | Bailey   | Reached skill level 5 in Evocations
  6775 | Bailey   | Reached skill level 10 in Ranged Weapons
  6775 | Bailey   | Reached XP level 10. HP: 51/51 MP: 11/11
  6912 | Bailey   | Reached skill level 9 in Dodging
  6940 | Bailey   | Reached skill level 6 in Evocations
  7564 | D:7      | Found a staircase to the Ecumenical Temple.
  7604 | D:7      | Noticed Pikel
  7661 | D:7      | Killed Pikel
  7662 | D:7      | Reached skill level 6 in Fighting
  8164 | Temple   | Entered the Ecumenical Temple
  8200 | Temple   | Became a worshipper of Warmaster Okawaru
  8544 | D:8      | Reached skill level 1 in Invocations
  8620 | D:8      | Found a shadowy altar of Dithmenos.
  8691 | D:8      | Reached skill level 11 in Ranged Weapons
  8906 | D:8      | Reached * piety under Okawaru
  8907 | D:8      | Reached skill level 7 in Evocations
  9031 | D:8      | Found an ornate altar of the Wu Jian Council.
  9236 | D:8      | Upgraded the game from 0.30-a0-738-g116ff8c4af to
                  | 0.30-a0-782-ge64f9170bb
  9279 | D:9      | Reached skill level 10 in Dodging
  9279 | D:9      | Reached skill level 2 in Invocations
  9366 | D:9      | Found a shimmering altar of Xom.
  9445 | D:9      | Reached skill level 7 in Fighting
  9484 | D:9      | HP: 10/55 [troll (11)]
  9709 | D:9      | Reached XP level 11. HP: 58/58 MP: 10/13
  9969 | D:9      | Reached ** piety under Okawaru
 10157 | D:9      | Noticed Maggie
 10161 | D:9      | Killed Maggie
 10189 | D:9      | Found a staircase to the Lair.
 10384 | D:10     | Entered Level 10 of the Dungeon
 10575 | D:10     | Found Pyosopn's Jewellery Shoppe.
 10681 | D:10     | Reached skill level 3 in Invocations
 10701 | D:10     | Found a staircase to the Orcish Mines.
 10891 | Lair:1   | Entered Level 1 of the Lair of Beasts
 10934 | Lair:1   | HP: 11/58 [rime drake/icy flash freeze (19)]
 10936 | Lair:1   | Reached skill level 8 in Evocations
 11310 | Lair:1   | Reached *** piety under Okawaru
 11350 | Lair:1   | Reached skill level 12 in Ranged Weapons
 11993 | Lair:2   | Noticed a six-headed hydra
 12007 | Lair:2   | Killed a six-headed hydra
 12008 | Lair:2   | Reached skill level 8 in Fighting
 12093 | Lair:2   | Reached skill level 11 in Dodging
 12106 | Lair:2   | Reached skill level 4 in Invocations
 12115 | Lair:2   | Found a gate leading to a gauntlet.
 12128 | Lair:2   | Noticed a six-headed hydra
 12142 | Lair:2   | Killed a six-headed hydra
 12159 | Gauntlet | Entered a Gauntlet
 12159 | Gauntlet | Found a transporter.
 12159 | Gauntlet | Found a transporter.
 12175 | Gauntlet | Found a transporter.
 12179 | Gauntlet | Found a transporter.
 12191 | Gauntlet | Found a transporter.
 12193 | Gauntlet | Found a transporter.
 12195 | Gauntlet | Noticed a ghost crab
 12205 | Gauntlet | Found a transporter.
 12225 | Gauntlet | Found a transporter.
 12231 | Gauntlet | Found a transporter.
 12250 | Gauntlet | Found a transporter.
 12250 | Gauntlet | Found a transporter.
 12250 | Gauntlet | Found a transporter.
 12311 | Gauntlet | Found the dreamshard necklace {*Dream Drain}
 12430 | Lair:2   | Reached **** piety under Okawaru
 12450 | Lair:2   | Reached skill level 9 in Evocations
 12606 | Lair:2   | Reached XP level 12. HP: 40/65 MP: 16/16
 12800 | Lair:2   | Noticed Maiprargh's ghost (journeyman DsIE)
 12810 | Lair:2   | Found a transporter.
 12865 | Lair:2   | Found a transporter.
 12865 | Lair:2   | Found the +3 pair of gauntlets of War {Slay+5}
 12993 | Lair:2   | Found a staircase to the Swamp.
 13370 | Lair:2   | Reached ***** piety under Okawaru
 13453 | Lair:3   | Reached skill level 5 in Invocations
 13483 | Lair:3   | Reached skill level 13 in Ranged Weapons
 13495 | Lair:3   | Noticed an eight-headed hydra
 13520 | Lair:3   | Killed an eight-headed hydra
 13521 | Lair:3   | Reached skill level 9 in Fighting
 13672 | Lair:3   | Found a hole to the Spider Nest.
 13715 | Lair:3   | Reached skill level 12 in Dodging
 13788 | Lair:3   | Received a gift from Okawaru
 13789 | Lair:3   | Reached skill level 10 in Evocations
 14026 | Lair:3   | Noticed a death yak
 14030 | Lair:3   | Noticed a death yak
 14052 | Lair:3   | Killed a death yak
 14052 | Lair:3   | Noticed a death yak
 14057 | Lair:3   | Noticed a death yak
 14058 | Lair:3   | Killed a death yak
 14081 | Lair:3   | Killed a death yak
 14094 | Lair:3   | Killed a death yak
 14095 | Lair:3   | Reached skill level 6 in Invocations
 14332 | Lair:4   | Noticed a boulder beetle
 14403 | Lair:4   | Identified the +1 robe of the Delicate God {rN+} (Okawaru
                  | gifted it to you on level 4 of the Lair of Beasts)
 14403 | Lair:4   | Received a gift from Okawaru
 14404 | Lair:4   | You fall into a shaft and drop 1 floor!
 14404 | Lair:5   | Entered Level 5 of the Lair of Beasts
 14471 | Lair:5   | Noticed a death yak
 14472 | Lair:5   | Noticed a death yak
 14475 | Lair:5   | Noticed a death yak
 14479 | Lair:5   | Noticed a death yak
 14483 | Lair:4   | Noticed a death yak
 14490 | Lair:4   | Killed a death yak
 14491 | Lair:4   | Reached skill level 10 in Fighting
 14526 | Lair:4   | Noticed an eight-headed hydra
 14551 | Lair:5   | Noticed a death yak
 14620 | Lair:5   | Reached skill level 14 in Ranged Weapons
 14625 | Lair:5   | Reached XP level 13. HP: 39/72 MP: 15/18
 15015 | Lair:4   | HP: 13/72 [death yak (59)]
 15344 | Lair:4   | Noticed Josephine
 15355 | Lair:4   | Killed Josephine
 15356 | Lair:4   | Reached skill level 13 in Dodging
 15356 | Lair:4   | Reached skill level 11 in Evocations
 15616 | Lair:4   | Found a staircase to the Slime Pits.
 15616 | Lair:4   | Found a viscous altar of Jiyva.
 15676 | Lair:4   | Reached skill level 7 in Invocations
 15943 | Lair:4   | Reached ****** piety under Okawaru
 15943 | Lair:4   | Identified the +9 gold dragon scales of the Hot Ocelot
                  | {rPois rF+ rC+ rN+ Int+2} (Okawaru gifted it to you on
                  | level 4 of the Lair of Beasts)
 15943 | Lair:4   | Received a gift from Okawaru
 16120 | Lair:4   | Reached skill level 11 in Fighting
 16293 | Lair:5   | Reached skill level 15 in Ranged Weapons
 16541 | Lair:5   | Reached skill level 12 in Evocations
 16743 | Lair:5   | Reached XP level 14. HP: 79/79 MP: 20/20
 16751 | Lair:5   | Reached skill level 14 in Dodging
 16814 | Lair:5   | Reached skill level 8 in Invocations
 17094 | Lair:5   | Found the +9 scales of the Dragon King {rPois rF+ rC+
                  | Will+}
 17561 | D:11     | Noticed Urug
 18001 | D:11     | Identified the +4 buckler "Sosu" {rPois rN+} (Okawaru
                  | gifted it to you on level 11 of the Dungeon)
 18001 | D:11     | Received a gift from Okawaru
 18161 | D:11     | Killed Urug
 18319 | D:11     | Reached skill level 12 in Fighting
 18438 | D:11     | Reached skill level 16 in Ranged Weapons
 18559 | D:11     | Found the ring of Shadows {Umbra +Inv Stlth+}
 18610 | D:11     | Reached skill level 9 in Invocations
 18953 | D:12     | Reached skill level 15 in Dodging
 19309 | D:12     | Noticed Rupert
 19365 | D:12     | Killed Rupert
 19483 | D:12     | Reached skill level 1 in Long Blades
 19972 | Swamp:1  | Entered Level 1 of the Swamp
 20099 | Swamp:1  | Identified the ring of Edapt {rCorr AC+4}
 20138 | Swamp:1  | Identified the +2 shortbow "Soessyun" {drain, rC+++ Str+3
                  | Int+3 Dex-2} (Okawaru gifted it to you on level 1 of the
                  | Swamp)
 20138 | Swamp:1  | Received a gift from Okawaru
 20443 | D:13     | Identified a scroll of acquirement
 20444 | D:13     | Acquired a manual of Ranged Weapons
 20630 | D:13     | Reached skill level 2 in Long Blades
 20642 | D:13     | Reached skill level 13 in Fighting
 20787 | D:13     | Found a shimmering blue altar of Sif Muna.
 21034 | D:13     | Reached XP level 15. HP: 86/86 MP: 23/23
 21483 | D:13     | Found a gate to the Vaults.
 22060 | D:14     | Reached skill level 10 in Invocations
 22080 | D:14     | Reached skill level 3 in Long Blades
 22114 | D:14     | Noticed Amoel's ghost (journeyman MiBe)
 22132 | D:14     | Found a bloodstained altar of Trog.
 22161 | D:14     | Found a transporter.
 22219 | D:14     | Found a transporter.
 22386 | D:14     | Identified the +1 war axe of Raamidoo {elec, Will++}
 22597 | D:14     | Reached skill level 16 in Dodging
 22617 | D:14     | Identified the +1 hat of Midwinter {Fly Will+} (Okawaru
                  | gifted it to you on level 14 of the Dungeon)
 22617 | D:14     | Received a gift from Okawaru
 22867 | D:15     | Entered Level 15 of the Dungeon
 23216 | D:15     | Found a staircase to the Depths.
 23216 | D:15     | Noticed a frost giant
 23241 | D:15     | Killed a frost giant
 23259 | D:15     | Reached skill level 17 in Ranged Weapons
 23417 | D:15     | Found Ikko Adeeqi's Assorted Antiques.
 23580 | D:15     | Reached skill level 4 in Long Blades
 23602 | D:15     | Found Takluept's Antique Weapon Boutique.
 23602 | D:15     | Found Vuclueni's Magic Scroll Boutique.
 23604 | D:15     | Found Ovowel's Antique Armour Boutique.
 23608 | D:15     | Bought a ruby potion for 27 gold pieces
 23608 | D:15     | Bought a smoky coppery potion for 27 gold pieces
 23608 | D:15     | Bought a scroll of identify for 60 gold pieces
 23608 | D:15     | Bought a scroll of identify for 60 gold pieces
 23613 | D:15     | Bought a scroll of enchant weapon for 120 gold pieces
 24170 | Swamp:1  | Learned a level 1 spell: Apportation
 24269 | Swamp:1  | Reached skill level 14 in Fighting
 24269 | Swamp:1  | Reached skill level 1 in Translocations
 24281 | Swamp:1  | Acquired a +3 heavy shortbow
 24330 | Swamp:1  | Reached skill level 1 in Spellcasting
 24350 | Swamp:1  | Noticed Kirke
 24360 | Swamp:1  | Killed Kirke
 24484 | Swamp:1  | Reached skill level 2 in Translocations
 24527 | Swamp:1  | Reached skill level 2 in Spellcasting
 25143 | Swamp:2  | Reached skill level 3 in Translocations
 25186 | Swamp:2  | Reached XP level 16. HP: 92/93 MP: 25/25
 25504 | Swamp:2  | Reached skill level 3 in Spellcasting
 25528 | Swamp:2  | Received a gift from Okawaru
 25687 | Swamp:3  | Noticed Mlioglotl
 25696 | Swamp:2  | Reached skill level 11 in Invocations
 25708 | Swamp:2  | Killed Mlioglotl
 26107 | Swamp:3  | Reached skill level 4 in Translocations
 26232 | Swamp:3  | Noticed Aizul
 26247 | Swamp:3  | Killed Aizul
 26252 | Swamp:3  | Reached skill level 5 in Long Blades
 26641 | Swamp:4  | Entered Level 4 of the Swamp
 26674 | Swamp:4  | Reached skill level 4 in Spellcasting
 26743 | Swamp:4  | Reached skill level 18 in Ranged Weapons
 26752 | Swamp:3  | HP: 23/93 [tyrant leech (14)]
 26756 | Swamp:3  | Reached skill level 17 in Dodging
 26973 | Swamp:4  | Reached skill level 5 in Translocations
 27184 | Swamp:4  | Reached skill level 6 in Translocations
 27205 | Swamp:4  | Identified the +1 robe "Yfeych" {+Blink rElec Dex-3 Slay+6}
                  | (Okawaru gifted it to you on level 4 of the Swamp)
 27205 | Swamp:4  | Received a gift from Okawaru
 27479 | Swamp:4  | HP: 21/93 [shambling mangrove (16)]
 27480 | Swamp:4  | HP: 8/93 [constriction (6)]
 27729 | Swamp:4  | Reached skill level 15 in Fighting
 27920 | Swamp:4  | Got a decaying rune of Zot
 28148 | Swamp:4  | Reached skill level 7 in Translocations
 28235 | Swamp:4  | Reached skill level 6 in Long Blades
 28860 | Orc:1    | Entered Level 1 of the Orcish Mines
 29328 | Orc:2    | Entered Level 2 of the Orcish Mines
 29328 | Orc:2    | Found Zery's Armour Boutique.
 29355 | Orc:2    | Noticed Azrael
 29469 | Orc:2    | Killed Azrael
 29531 | Orc:1    | Noticed Maurice
 29537 | Orc:1    | Killed Maurice
 29581 | Orc:1    | Reached XP level 17. HP: 81/99 MP: 20/26
 29972 | Orc:2    | Reached skill level 12 in Invocations
 30008 | Orc:2    | Reached skill level 8 in Translocations
 30231 | Orc:2    | Found Vyugiruss's Antique Weapon Shop.
 30485 | Orc:2    | Received a gift from Okawaru
 30639 | Orc:2    | Found Seumith's Book Shop.
 30654 | Orc:2    | Found Todwo's Antique Armour Shop.
 30661 | Orc:2    | Bought a runed scarf for 232 gold pieces
 30673 | Orc:2    | Found Azailugg's General Store.
 30737 | Orc:2    | Found a staircase to the Elven Halls.
 30975 | Orc:1    | Found Loryit's Assorted Antiques.
 31094 | Elf:1    | Entered Level 1 of the Elven Halls
 31113 | Elf:1    | Reached skill level 19 in Ranged Weapons
 31264 | Elf:1    | Reached skill level 18 in Dodging
 31370 | Elf:1    | Found George's Dragon-Slaying Spoils.
 31478 | Elf:1    | Reached skill level 7 in Long Blades
 31856 | Elf:1    | Reached skill level 16 in Fighting
 31888 | Elf:1    | Received a gift from Okawaru
 32451 | Elf:2    | Found a flickering gateway to a bazaar.
 32462 | Bazaar   | Entered a bazaar
 32469 | Bazaar   | Found Baimi's Jewellery Boutique.
 32478 | Bazaar   | Found Funerphep's Jewellery Emporium.
 32481 | Bazaar   | Found Faum's Magic Scroll Boutique.
 32503 | Bazaar   | Found Ressesur's Weapon Emporium.
 32830 | Elf:2    | Found a runed translucent gate.
 32831 | Elf:2    | Found a runed translucent gate.
 32831 | Elf:2    | Found a runed translucent gate.
 33252 | Elf:3    | Entered Level 3 of the Elven Halls
 33376 | Elf:3    | Identified the +4 hat "Zioch" {rC- Regen+ Dex+5} (Okawaru
                  | gifted it to you on level 3 of the Elven Halls)
 33376 | Elf:3    | Received a gift from Okawaru
 33386 | Elf:3    | Noticed a Hell Sentinel
 33388 | Elf:3    | Reached skill level 8 in Long Blades
 33391 | Elf:3    | Noticed a Tzitzimitl
 33426 | Elf:3    | Reached skill level 19 in Dodging
 33428 | Elf:3    | Noticed an Ice Fiend
 33451 | Elf:3    | Noticed Louise
 33702 | Elf:3    | Upgraded the game from 0.30-a0-782-ge64f9170bb to
                  | 0.31-a0-1576-ga3383bade6
 33710 | Elf:3    | Noticed a Tzitzimitl
 33721 | Elf:3    | Reached XP level 18. HP: 107/107 MP: 28/28
 33730 | Elf:3    | Reached skill level 20 in Ranged Weapons
 33840 | Elf:3    | Found Baplimas's Book Boutique.
 33859 | Elf:3    | Learned a level 3 spell: Fugue of the Fallen
 33893 | Elf:3    | Identified the amulet of Pyromania {Reflect rPois rCorr
                  | SH+5}
 33948 | Elf:2    | Killed Louise
 34047 | Elf:3    | Reached skill level 1 in Necromancy
 34201 | Elf:3    | Identified the ring of the Endless Expanse {rPois rF+ rC+
                  | Str+8 Slay-6}
 34206 | Elf:3    | Reached skill level 17 in Fighting
 34227 | Elf:3    | Reached skill level 2 in Necromancy
 34227 | Elf:3    | Identified the +4 ring mail of the Arcane {*Corrode rPois
                  | Regen+ Str+3}
 34268 | Elf:3    | Identified the +2 hand axe "Zuthrehai" {vamp, rN+ Will+}
 34312 | Elf:3    | Found the +3 pair of mountain boots {steadfast, rC+}
 34319 | Elf:3    | Found the +15 Maxwell's patent armour {-Cast -Tele rElec
                  | Will+ rCorr}
 34321 | Elf:3    | Identified the ring of Funonume {rF+ rC++ Will+ Int+3}
 35144 | Elf:2    | Reached skill level 3 in Necromancy
 35180 | Elf:2    | Received a gift from Okawaru
 35368 | Elf:2    | Reached skill level 20 in Dodging
 35459 | Elf:2    | Reached skill level 9 in Long Blades
 35805 | Spider:1 | Entered Level 1 of the Spider Nest
 36190 | Spider:1 | Reached skill level 4 in Necromancy
 36491 | Spider:2 | Received a gift from Okawaru
 36855 | Spider:2 | Reached XP level 19. HP: 51/112 MP: 26/29
 37252 | Spider:3 | Reached skill level 21 in Dodging
 37434 | Spider:3 | Received a gift from Okawaru
 37454 | Spider:3 | Reached skill level 5 in Necromancy
 38230 | Spider:4 | Entered Level 4 of the Spider Nest
 38409 | Spider:4 | Received a gift from Okawaru
 38749 | Spider:4 | Identified the +2 eveningstar "Jadumek" {freeze, Will++
                  | Int+4 Stlth+}
 38935 | Spider:4 | Noticed Donald
 38944 | Spider:4 | HP: 18/114 [suicidal targeting (41)]
 39290 | Spider:4 | Reached skill level 6 in Necromancy
 39312 | Spider:4 | Reached skill level 10 in Long Blades
 39646 | Spider:4 | Reached skill level 22 in Dodging
 39687 | Spider:4 | Got a gossamer rune of Zot
 39745 | Spider:4 | Killed Donald
 40023 | Vaults:1 | Entered Level 1 of the Vaults
 40089 | Vaults:1 | Reached skill level 21 in Ranged Weapons
 40309 | Vaults:1 | Received a gift from Okawaru
 40314 | Vaults:1 | Acquired the +6 arbalest "Damnation" {damnation}
 40314 | Vaults:1 | Received a gift from Okawaru
 40314 | Vaults:1 | Found the +6 arbalest "Damnation" {damnation}
 40360 | Vaults:1 | Reached skill level 18 in Fighting
 40418 | Vaults:1 | Noticed Zenata
 40430 | Vaults:1 | Killed Zenata
 40695 | Vaults:1 | Reached skill level 7 in Necromancy
 40775 | Vaults:1 | Noticed Saint Roka
 40793 | Vaults:1 | Killed Saint Roka
 40871 | Vaults:1 | Received a gift from Okawaru
 40958 | Vaults:1 | Reached XP level 20. HP: 94/119 MP: 30/30
 41761 | Vaults:2 | Found a runed translucent gate.
 41761 | Vaults:2 | Found a runed translucent gate.
 41761 | Vaults:2 | Found an ancient bone altar of Kikubaaqudgha.
 41761 | Vaults:2 | Found a runed translucent gate.
 41762 | Vaults:2 | Noticed Kapamifis's ghost (veteran NaAl)
 41762 | Vaults:2 | Noticed a dread lich
 41830 | Vaults:2 | Reached skill level 23 in Dodging
 42422 | Vaults:2 | Received a gift from Okawaru
 42837 | Vaults:3 | Reached skill level 11 in Long Blades
 42848 | Vaults:3 | Reached skill level 8 in Necromancy
 42987 | Vaults:3 | Found Jizoig's Armour Shoppe.
 43033 | Vaults:3 | Reached skill level 24 in Dodging
 43152 | Vaults:3 | You are sucked into a shaft and drop 1 floor!
 43174 | Vaults:4 | Found Abauloge's Magic Scroll Emporium.
 43182 | Vaults:4 | Bought a scroll of brand weapon for 171 gold pieces
 43182 | Vaults:4 | Bought a scroll of teleportation for 54 gold pieces
 43182 | Vaults:4 | Bought a scroll of enchant weapon for 135 gold pieces
 43255 | Vaults:3 | Received a gift from Okawaru
 43361 | Vaults:3 | Found a staircase to the Crypt.
 43727 | Vaults:3 | Received a gift from Okawaru
 44007 | Vaults:4 | Reached skill level 9 in Necromancy
 44014 | Vaults:4 | Reached XP level 21. HP: 121/124 MP: 31/31
 44597 | Vaults:4 | Received a gift from Okawaru
 44725 | Vaults:4 | Reached skill level 22 in Ranged Weapons
 44764 | Vaults:4 | Found Puneh's Assorted Antiques.
 45026 | Vaults:5 | Entered Level 5 of the Vaults
 45036 | Vaults:5 | Reached skill level 25 in Dodging
 45048 | Vaults:5 | HP: 25/125 [yaktaur captain/bolt (20)]
 45050 | Vaults:5 | Killed from afar by a deep elf high priest

Illustrated notes

Levels and vault maps discovered:
D:1:      sevenhm_arrival_forest_fort_small_2, layout_loops_corners,
          minmay_split_cup_large
D:2:      layout_basic
D:3:      layout_basic, nzn_hepliaklqana_mist_gate,
          mainiacjoe_overflow_alcove_2, ebering_ecumenical_altar_box,
          uniq_crazy_yiuf_cottage
D:4:      layout_rooms, elyvilon_altar_3, makhleb_altar_promises_db,
          roderic_three_in_a_row, chequers_serial_rivers_small_a,
          cheibrodos_gnoll_hut
D:5:      layout_rooms, tso_metal_star, nicolae_gozag_seed_capital,
          minmay_joined_circles, uniq_edmund, uniq_sigmund
D:6:      layout_loops_corners, gammafunk_temple_overflow_pools,
          cheibrodos_sewer_entry_sluice, st_stairs_2, kb_rosetta
D:7:      layout_basic, minmay_temple_entry_purple_smoke, enter_bailey_3,
          uniq_pikel
D:8:      layout_cave_pools, nicolae_dithmenos_through_a_glass_darkly,
          nicolae_wu_jian_wuxing_cycle, serial_gnoll_camp,
          gnoll_camp_huts_basic, gnoll_camp_medium_02, gnoll_camp_mini_basic,
          gnoll_camp_mini_basic
D:9:      layout_basic, lemuel_doored_altar, lair_entry_dummy, uniq_maggie
D:10:     layout_long_grid, minmay_orc_entry_guard_dogs, serial_shops,
          nicolae_shop_crystal
D:11:     hangedman_what_comes_after_a, layout_rooms,
          minmay_beelzebubs_servants, uniq_urug
D:12:     layout_basic, serial_bayou, serial_bayou_shore_b, serial_bayou_lake_a,
          serial_bayou_shore_b, serial_bayou_lagoon_b, uniq_rupert
D:13:     layout_long_grid, ximxim_vaults_locker_room, minivault_25_ag,
          amcnicky_mini_corridor_feature, led_sif_pool
D:14:     layout_gridville, special_room [special_room_orc],
          hangedman_decor_diamond_cutter, gammafunk_ghost_wrathful_warriors
D:15:     grunt_enter_depths_snipers, layout_rooms, corexii_checkpoint_b,
          minmay_shop_grid_forest, hangedman_abyss_or_decor_passed
Temple:   hellmonk_temple_of_storms
Lair:1:   layout_small_grid, serial_forest, infiniplex_forest_zigzag_2,
          infiniplex_forest_lined_corner, infiniplex_forest_straight_2,
          infiniplex_forest_lined_corner, infiniplex_forest_join,
          infiniplex_forest_clump_tiny
Lair:2:   layout_gridlike, minmay_swamp_entry_reptiles, gauntlet_entry_generic,
          gammafunk_ghost_hive, beast_lair_carwin_1, lemuel_fruit_tree,
          grunt_megastairs_4, infiniplex_staircase_pool_2
Lair:3:   layout_gridlike, spider_nest_entry_a, fungi_pond_lemuel
Lair:4:   layout_hall_layers, minmay_slime_entry_jelly_boxes, nzn_random_ring,
          uniq_josephine
Lair:5:   minmay_lair_end_enchanted_forest, layout_hall_layers, serial_forest,
          infiniplex_forest_lined_3, infiniplex_forest_end_1,
          infiniplex_forest_lined_3_way, infiniplex_forest_straight_1,
          infiniplex_forest_lined_room_3
Swamp:1:  layout_basic_swamp, portal_ice_cave_entry_ice_statue_one,
          nicolae_swamp_trees_clearing, swamp_pool5, lightli_tree_ring,
          uniq_kirke
Swamp:2:  layout_basic_swamp, hangedman_swamp_diagram
Swamp:3:  layout_falls_marsh, nicolae_swamp_triple_paths, swamp_pool2,
          uniq_mlioglotl, uniq_aizul
Swamp:4:  swamp_basic_johnstein, layout_basic_swamp, nicolae_swamp_vermiculated
Spider:1: layout_spider_delve
Spider:2: layout_spider_delve, hellmonk_narrow_tunnel
Spider:3: layout_chambers
Spider:4: spider_rune_water, special_room [special_room_bee], uniq_donald
Orc:1:    layout_diamond_mine, serial_shops, shop, mines_bat_river, uniq_maurice
Orc:2:    grunt_orc_cross, layout_diamond_mine, serial_shops, shop,
          nicolae_orc_pool_cavern, abandoned_shop, nicolae_orc_damp_corner,
          mines2_david, uniq_azrael
Elf:1:    eino_elf_arrival_sip, layout_onion_city, hangedman_elf_disciples,
          nicolae_shop_dragon_depot
Elf:2:    nicolae_elf_blades_crystal_corner, layout_onion_city, serial_shops,
          bzr_entry_gold
Elf:3:    minmay_elf_hall_quartered_circle, layout_onion_city, serial_shops,
          shop, uniq_louise
Vaults:1: vaults_dpeg_hooks, ontoclasm_vaults_decontamination,
          nicolae_vaults_big_ls, vaults_room_door_ring, vaults_room_door_hall,
          v_misc_5, vaults_room_glass_cross, v_misc_4, vaults_room_fours,
          layout_vaults_chaotic_city, uniq_saint_roka, uniq_zenata
Vaults:2: gammafunk_ghost_crypt, v_misc_24, v_pattern_4, vaults_room_door_hall,
          vaults_standard_mumra_enter_the_diamond, nicolae_vaults_display_case,
          vaults_room_fours, nicolae_vaults_little_squares_4,
          vaults_dpeg_emergency_exit, ontoclasm_vaults_tryst,
          hangedman_vaults_maws, layout_vaults_quadrants
Vaults:3: blue_anna_dwarven_crypt, v_misc_32, nicolae_vaults_three_branches,
          v_misc_33, hangedman_vaults_pinch, ontoclasm_vaults_chip, v_misc_29,
          nicolae_vaults_theta, vaults_room_pool, vaults_room_octagon,
          layout_vaults_omnicross, serial_shops, nicolae_shop_behind_doors
Vaults:4: vaults_room_pool, hangedman_vaults_maws,
          nicolae_vaults_network_barrier, ontoclasm_vaults_ring_square,
          nicolae_vaults_network_s, v_misc_3, vaults_mumra_lcd,
          vaults_mumra_minichess, nicolae_vaults_rhombus_7, grunt_vaults_funnel,
          st_more_cells, vaults_room_grid, layout_vaults_maze_bifur,
          serial_shops, shop_statue, nicolae_shop_overgrown_old_shop
Vaults:5

Skill      XL: |  1  2  3  4  5  6  7  8  9 10 11 12 13 14 15 16 17 18 19 20 21 |
---------------+----------------------------------------------------------------+-----
Stealth        | 2 3 4 5 6 8 |  8.0
Dodging        | 3 4 5 6 7 8 10 11 12 13 15 16 17 19 20 22 24 25 | 25.0
Fighting       | 2 3 4 5 7 8 10 11 13 14 15 16 17 18 | 18.8
Ranged Weapons | 5 6 7 8 10 11 12 14 15 16 17 18 19 20 21 22 | 22.0
Evocations     | 2 5 7 9 10 12 | 12.0
Invocations    | 2 4 6 7 9 10 11 12 | 12.0
Long Blades    | 2 4 6 8 9 10 11 | 11.9
Translocations | 3 7 8 |  8.0
Spellcasting   | 2 4 |  4.0
Necromancy     | 4 7 9 |  9.5

Action                     |  1- 3 |  4- 6 |  7- 9 | 10-12 | 13-15 | 16-18 | 19-21 || total
---------------------------+-------+-------+-------+-------+-------+-------+-------++-------
  Melee: Arbalest          |       |       |       |       |       |       |     4 ||     4
         Double sword      |       |       |       |       |       |       |     2 ||     2
   Fire: Shortbow          |   104 |   194 |   529 |   916 |  2026 |   839 |       ||  4608
         Arbalest          |       |       |       |       |       |   904 |   969 ||  1873
   Cast: Fugue of the Fall |       |       |       |       |       |     7 |    16 ||    23
 Invoke: Heroism           |       |       |       |    10 |    13 |     4 |     5 ||    32
         Finesse           |       |       |       |       |     7 |     8 |     7 ||    22
         Receive Weapon    |       |       |       |       |       |       |     1 ||     1
  Evoke: Wand              |       |       |     5 |       |       |     2 |       ||     7
    Use: Scroll            |       |       |    11 |    13 |    10 |    11 |    10 ||    55
         Potion            |       |       |       |       |       |     3 |     1 ||     4
 Armour: Robe              |     4 |    19 |    18 |    14 |    44 |   129 |    86 ||   314
  Dodge: Dodged            |    33 |    89 |   131 |   351 |   834 |  1234 |   536 ||  3208
  Block: Other             |       |       |       |       |   104 |    28 |    71 ||   203
         Reflection        |       |       |       |       |     4 |       |    10 ||    14

Table legend: (Time is in decaauts)
 A = Elapsed time spent in this place.
 B = Non-inter-level travel time spent in this place.
 C = Inter-level travel time spent in this place.
 D = Time resting spent in this place.
 E = Time spent auto-exploring this place.
 F = Levels seen in this place.
 G = Mean time per level.
                   A        B        C        D        E       F      G
               +--------+--------+--------+--------+--------+-----+--------+
         Total |  32223 |  29514 |   2709 |   6318 |  14369 |  43 |  749.4 |
       Dungeon |  11211 |   9979 |   1232 |   1288 |   5456 |  15 |  747.4 |
        Temple |     32 |     24 |      8 |      0 |      5 |   1 |   32.0 |
          Lair |   5023 |   4253 |    770 |    881 |   2068 |   5 | 1004.6 |
         Swamp |   4067 |   3853 |    214 |   1903 |    937 |   4 | 1016.8 |
   Spider Nest |   2871 |   2811 |     60 |    734 |   1300 |   4 |  717.8 |
  Orcish Mines |   1415 |   1265 |    150 |    390 |    591 |   2 |  707.5 |
   Elven Halls |   3294 |   3091 |    203 |    723 |   1373 |   3 | 1098.0 |
        Vaults |   3449 |   3379 |     70 |    342 |   2267 |   5 |  689.8 |
        Bazaar |     43 |     43 |      0 |      0 |     25 |   1 |   43.0 |
         Sewer |    127 |    127 |      0 |     28 |     59 |   1 |  127.0 |
        Bailey |    576 |    576 |      0 |     28 |    189 |   1 |  576.0 |
      Gauntlet |    111 |    111 |      0 |      0 |     95 |   1 |  111.0 |
               +--------+--------+--------+--------+--------+-----+--------+

Top non-repeatable levels by time:
 Swamp:4: 1294 daAuts
Spider:4: 1280 daAuts
   Elf:2: 1233 daAuts
 Swamp:2: 1219 daAuts
  Lair:3: 1206 daAuts
Vaults:1: 1146 daAuts
     D:6: 1097 daAuts
   Elf:3: 1074 daAuts
  Lair:1: 1041 daAuts
 Swamp:3: 1034 daAuts
  Lair:4: 989 daAuts
   Elf:1: 986 daAuts
     D:9: 978 daAuts
  Lair:2: 942 daAuts
   Orc:2: 892 daAuts

Levels and vault maps discovered:
D:1:      sevenhm_arrival_forest_fort_small_2, layout_loops_corners,
          minmay_split_cup_large
D:2:      layout_basic
D:3:      layout_basic, nzn_hepliaklqana_mist_gate,
          mainiacjoe_overflow_alcove_2, ebering_ecumenical_altar_box,
          uniq_crazy_yiuf_cottage
D:4:      layout_rooms, elyvilon_altar_3, makhleb_altar_promises_db,
          roderic_three_in_a_row, chequers_serial_rivers_small_a,
          cheibrodos_gnoll_hut
D:5:      layout_rooms, tso_metal_star, nicolae_gozag_seed_capital,
          minmay_joined_circles, uniq_edmund, uniq_sigmund
D:6:      layout_loops_corners, gammafunk_temple_overflow_pools,
          cheibrodos_sewer_entry_sluice, st_stairs_2, kb_rosetta
D:7:      layout_basic, minmay_temple_entry_purple_smoke, enter_bailey_3,
          uniq_pikel
D:8:      layout_cave_pools, nicolae_dithmenos_through_a_glass_darkly,
          nicolae_wu_jian_wuxing_cycle, serial_gnoll_camp,
          gnoll_camp_huts_basic, gnoll_camp_medium_02, gnoll_camp_mini_basic,
          gnoll_camp_mini_basic
D:9:      layout_basic, lemuel_doored_altar, lair_entry_dummy, uniq_maggie
D:10:     layout_long_grid, minmay_orc_entry_guard_dogs, serial_shops,
          nicolae_shop_crystal
D:11:     hangedman_what_comes_after_a, layout_rooms,
          minmay_beelzebubs_servants, uniq_urug
D:12:     layout_basic, serial_bayou, serial_bayou_shore_b, serial_bayou_lake_a,
          serial_bayou_shore_b, serial_bayou_lagoon_b, uniq_rupert
D:13:     layout_long_grid, ximxim_vaults_locker_room, minivault_25_ag,
          amcnicky_mini_corridor_feature, led_sif_pool
D:14:     layout_gridville, special_room [special_room_orc],
          hangedman_decor_diamond_cutter, gammafunk_ghost_wrathful_warriors
D:15:     grunt_enter_depths_snipers, layout_rooms, corexii_checkpoint_b,
          minmay_shop_grid_forest, hangedman_abyss_or_decor_passed
Temple:   hellmonk_temple_of_storms
Lair:1:   layout_small_grid, serial_forest, infiniplex_forest_zigzag_2,
          infiniplex_forest_lined_corner, infiniplex_forest_straight_2,
          infiniplex_forest_lined_corner, infiniplex_forest_join,
          infiniplex_forest_clump_tiny
Lair:2:   layout_gridlike, minmay_swamp_entry_reptiles, gauntlet_entry_generic,
          gammafunk_ghost_hive, beast_lair_carwin_1, lemuel_fruit_tree,
          grunt_megastairs_4, infiniplex_staircase_pool_2
Lair:3:   layout_gridlike, spider_nest_entry_a, fungi_pond_lemuel
Lair:4:   layout_hall_layers, minmay_slime_entry_jelly_boxes, nzn_random_ring,
          uniq_josephine
Lair:5:   minmay_lair_end_enchanted_forest, layout_hall_layers, serial_forest,
          infiniplex_forest_lined_3, infiniplex_forest_end_1,
          infiniplex_forest_lined_3_way, infiniplex_forest_straight_1,
          infiniplex_forest_lined_room_3
Swamp:1:  layout_basic_swamp, portal_ice_cave_entry_ice_statue_one,
          nicolae_swamp_trees_clearing, swamp_pool5, lightli_tree_ring,
          uniq_kirke
Swamp:2:  layout_basic_swamp, hangedman_swamp_diagram
Swamp:3:  layout_falls_marsh, nicolae_swamp_triple_paths, swamp_pool2,
          uniq_mlioglotl, uniq_aizul
Swamp:4:  swamp_basic_johnstein, layout_basic_swamp, nicolae_swamp_vermiculated
Spider:1: layout_spider_delve
Spider:2: layout_spider_delve, hellmonk_narrow_tunnel
Spider:3: layout_chambers
Spider:4: spider_rune_water, special_room [special_room_bee], uniq_donald
Orc:1:    layout_diamond_mine, serial_shops, shop, mines_bat_river, uniq_maurice
Orc:2:    grunt_orc_cross, layout_diamond_mine, serial_shops, shop,
          nicolae_orc_pool_cavern, abandoned_shop, nicolae_orc_damp_corner,
          mines2_david, uniq_azrael
Elf:1:    eino_elf_arrival_sip, layout_onion_city, hangedman_elf_disciples,
          nicolae_shop_dragon_depot
Elf:2:    nicolae_elf_blades_crystal_corner, layout_onion_city, serial_shops,
          bzr_entry_gold
Elf:3:    minmay_elf_hall_quartered_circle, layout_onion_city, serial_shops,
          shop, uniq_louise
Vaults:1: vaults_dpeg_hooks, ontoclasm_vaults_decontamination,
          nicolae_vaults_big_ls, vaults_room_door_ring, vaults_room_door_hall,
          v_misc_5, vaults_room_glass_cross, v_misc_4, vaults_room_fours,
          layout_vaults_chaotic_city, uniq_saint_roka, uniq_zenata
Vaults:2: gammafunk_ghost_crypt, v_misc_24, v_pattern_4, vaults_room_door_hall,
          vaults_standard_mumra_enter_the_diamond, nicolae_vaults_display_case,
          vaults_room_fours, nicolae_vaults_little_squares_4,
          vaults_dpeg_emergency_exit, ontoclasm_vaults_tryst,
          hangedman_vaults_maws, layout_vaults_quadrants
Vaults:3: blue_anna_dwarven_crypt, v_misc_32, nicolae_vaults_three_branches,
          v_misc_33, hangedman_vaults_pinch, ontoclasm_vaults_chip, v_misc_29,
          nicolae_vaults_theta, vaults_room_pool, vaults_room_octagon,
          layout_vaults_omnicross, serial_shops, nicolae_shop_behind_doors
Vaults:4: vaults_room_pool, hangedman_vaults_maws,
          nicolae_vaults_network_barrier, ontoclasm_vaults_ring_square,
          nicolae_vaults_network_s, v_misc_3, vaults_mumra_lcd,
          vaults_mumra_minichess, nicolae_vaults_rhombus_7, grunt_vaults_funnel,
          st_more_cells, vaults_room_grid, layout_vaults_maze_bifur,
          serial_shops, shop_statue, nicolae_shop_overgrown_old_shop
Vaults:5

Table legend: (Time is in decaauts)
 A = Elapsed time spent in this place.
 B = Non-inter-level travel time spent in this place.
 C = Inter-level travel time spent in this place.
 D = Time resting spent in this place.
 E = Time spent auto-exploring this place.
 F = Levels seen in this place.
 G = Mean time per level.
                   A        B        C        D        E       F      G
               +--------+--------+--------+--------+--------+-----+--------+
         Total |  32223 |  29514 |   2709 |   6318 |  14369 |  43 |  749.4 |
       Dungeon |  11211 |   9979 |   1232 |   1288 |   5456 |  15 |  747.4 |
        Temple |     32 |     24 |      8 |      0 |      5 |   1 |   32.0 |
          Lair |   5023 |   4253 |    770 |    881 |   2068 |   5 | 1004.6 |
         Swamp |   4067 |   3853 |    214 |   1903 |    937 |   4 | 1016.8 |
   Spider Nest |   2871 |   2811 |     60 |    734 |   1300 |   4 |  717.8 |
  Orcish Mines |   1415 |   1265 |    150 |    390 |    591 |   2 |  707.5 |
   Elven Halls |   3294 |   3091 |    203 |    723 |   1373 |   3 | 1098.0 |
        Vaults |   3449 |   3379 |     70 |    342 |   2267 |   5 |  689.8 |
        Bazaar |     43 |     43 |      0 |      0 |     25 |   1 |   43.0 |
         Sewer |    127 |    127 |      0 |     28 |     59 |   1 |  127.0 |
        Bailey |    576 |    576 |      0 |     28 |    189 |   1 |  576.0 |
      Gauntlet |    111 |    111 |      0 |      0 |     95 |   1 |  111.0 |
               +--------+--------+--------+--------+--------+-----+--------+

Top non-repeatable levels by time:
 Swamp:4: 1294 daAuts
Spider:4: 1280 daAuts
   Elf:2: 1233 daAuts
 Swamp:2: 1219 daAuts
  Lair:3: 1206 daAuts
Vaults:1: 1146 daAuts
     D:6: 1097 daAuts
   Elf:3: 1074 daAuts
  Lair:1: 1041 daAuts
 Swamp:3: 1034 daAuts
  Lair:4: 989 daAuts
   Elf:1: 986 daAuts
     D:9: 978 daAuts
  Lair:2: 942 daAuts
   Orc:2: 892 daAuts

Table legend:
 A = Kills in this place as a percentage of kills in the entire game.
 B = Kills by you in this place as a percentage of kills by you in the entire game.
 C = Kills by friends in this place as a percentage of kills by friends in the entire game.
 D = Other kills in this place as a percentage of other kills in the entire game.
 E = Experience gained in this place as a percentage of experience gained in the entire game.
 F = Experience gained in this place divided by the number of levels of this place that you have seen.
                   A       B       C       D       E      F
               +-------+-------+-------+-------+-------+----------------------
         Total | 100.0 | 100.0 |   N/A | 100.0 | 100.0 | 14503.5
       Dungeon |  28.9 |  28.9 |   N/A |   0.0 |  11.3 | 4709.0
          Lair |  12.4 |  12.4 |   N/A |   0.0 |   9.4 | 11776.2
         Swamp |   9.0 |   8.9 |   N/A | 100.0 |  12.5 | 19449.5
   Spider Nest |  13.8 |  13.8 |   N/A |   0.0 |  14.6 | 22726.5
  Orcish Mines |   7.2 |   7.2 |   N/A |   0.0 |   2.7 | 8400.5
   Elven Halls |   9.6 |   9.6 |   N/A |   0.0 |  18.4 | 38340.0
        Vaults |  16.3 |  16.3 |   N/A |   0.0 |  30.6 | 38154.2
         Sewer |   0.4 |   0.4 |   N/A |   0.0 |   0.0 | 167.0
        Bailey |   2.5 |   2.5 |   N/A |   0.0 |   0.4 | 2671.0
               +-------+-------+-------+-------+-------+----------------------
